 Dungeon Crawl Stone Soup version 0.30-a0-719-gcc4359ea44 (webtiles) character file.

Game seed: 5757166852287456071

3098 browni3141 the Frost Mage (level 9, -4/63 HPs)
             Began as a Mummy Cinder Acolyte on Jan 26, 2023.
             Was a Priest of Ignis.
             Slain by Maggie
             ... wielding a +0 halberd
              (8 damage)
             ... on level 7 of the Dungeon.
             The game lasted 00:22:02 (9344 turns).

browni3141 the Frost Mage (Mummy Cinder Acolyte)    Turns: 9344, Time: 00:22:03

Health: -4/63      AC: 21    Str: 23    XL:     9   Next: 59%
Magic:  1/16       EV: 10    Int: 18    God:    Ignis [***...]
Gold:   387        SH:  3    Dex:  7    Spells: 8/18 levels left

rFire   . . .      SeeInvis .    r - +0 trident
rCold   + . .      Faith    +    n - +0 buckler
rNeg    + + +      Spirit   .    b - +0 robe
rPois   ∞          Reflect  .    h - +0 helmet
rElec   .          Harm     .    (no cloak)
rCorr   .          Rampage  .    o - +2 pair of gloves
Will    +....                    t - +0 pair of boots
Stlth   ++                       (no amulet)
HPRegen 0.30/turn                q - +6 ring of strength
MPRegen 0.15/turn                (no ring)

@: ice-armoured, fiery-armoured, very slightly contaminated
A: cold resistance 1, negative energy resistance 3, torment resistance 2, heat
vulnerability 1, in touch with death 1, no potions, faith
a: Renounce Religion, Fiery Armour, Foxfire Swarm, Rising Flame


You were on level 7 of the Dungeon.
You worshipped Ignis.
Ignis was most pleased with you.
You visited 1 branch of the dungeon, and saw 7 of its levels.

You collected 387 gold pieces.

Inventory:

Hand Weapons
 a - a -1 spear of flaming
 r - a +0 trident (weapon)
 s - a +0 halberd
Missiles
 e - a throwing net
 k - 4 boomerangs
 l - 4 javelins
Armour
 b - a +0 robe (worn)
 f - a +0 leather armour
 h - a +0 helmet (worn)
 n - a +0 buckler (worn)
 o - a +2 pair of gloves (worn)
 t - a +0 pair of boots (worn)
Jewellery
 q - a +6 ring of strength (left hand)
Scrolls
 c - a scroll of noise
 d - 2 scrolls of vulnerability
 g - 3 scrolls of teleportation
 i - a scroll of blinking
 j - a scroll of enchant weapon
 m - a scroll of amnesia
 p - 5 scrolls of identify


   Skills:
 - Level 3.0 Fighting
 * Level 4.1 Polearms
 - Level 5.0 Stealth
 * Level 2.6 Shields
 - Level 5.0 Spellcasting
 - Level 3.0 Hexes
 - Level 2.4 Fire Magic
 - Level 8.0 Ice Magic


You had 8 spell levels left.
You knew the following spells:

 Your Spells              Type           Power      Damage    Failure   Level
a - Scorch                Fire           26%        2d6       10%         2
b - Ozocubu's Armour      Ice            33%        N/A       1%          3
c - Metabolic Englaciati  Hex/Ice        12%        N/A       45%         5

Your spell library contained the following spells:

 Spells                   Type           Power      Damage    Failure   Level
 Simulacrum               Ice/Necr       14%        N/A       99%         6


Dungeon Overview and Level Annotations

Branches:
Dungeon (7/15)             Temple (0/1) D:4

Altars:
Fedhas
Okawaru

Annotations:
D:6 Blork the orc
D:7 Maggie


Innate Abilities, Weirdness & Mutations

You are immune to poison.
Your flesh is cold resistant. (rC+)
You are immune to negative energy. (rN+++)
You are immune to unholy pain and torment.
You are vulnerable to heat. (rF-)
You are in touch with the powers of death.
You do not drink.
You have a special connection with the divine. (Faith)


Message History

The ice beast is severely wounded.
Something hits you but does no damage. The ice beast hits you.
The ice beast freezes you. You resist.
The ice beast melts!
The ice beast is burned by your cloak of flames.
You kill the ice beast!
Casting: Scorch (safe; 10% risk of failure)
Confirm with . or Enter, or press ? or * to list all spells.
Flames lash something.
Something hits you but does no damage.
Casting: Scorch (safe; 10% risk of failure)
Confirm with . or Enter, or press ? or * to list all spells.
Flames lash something.
You hear some strange, mumbled words.
A bolt of fire appears from out of thin air!
The bolt of fire hits you. The heat melts your icy armour.
Casting: Scorch (safe; 10% risk of failure)
Confirm with . or Enter, or press ? or * to list all spells.
You miscast Scorch.
You are very lightly contaminated with residual magic.
Nothing appears to happen.
Something hits you but does no damage.
Casting: Scorch (safe; 10% risk of failure)
Confirm with . or Enter, or press ? or * to list all spells.
Flames lash something but do no damage.
Something hits you but does no damage.
Reach: r) +0 trident
Press: ? - help, Dir - move target You reach to attack!
You closely miss something. Something hits you!
* * * LOW HITPOINT WARNING * * *
Reach: r) +0 trident
Press: ? - help, Dir - move target You reach to attack!
You completely miss something. Something hits you but does no damage.
Reach: r) +0 trident
Press: ? - help, Dir - move target You reach to attack!
You miss something.
You hear some strange, mumbled words.
A bolt of fire appears from out of thin air!
The bolt of fire hits you!
* * * LOW HITPOINT WARNING * * *
Something hits you!
You die...

#....#..+.....# ####.#
#..Y.##.....# #.#
#.###.††## #..
#....##.### ###
#.#....##...# ######## ##
#...........####......#
#.
#........{....##......#
###.
....#..#####.#..........#
#... #####..#
#.@..........###.#. ....#
###..........#†....
###.## #####......#)#.#.
.. #.........#..
###.##.#.#.#. #.##.......
#>......... ######.....
#.....


There were no monsters in sight!

Vanquished Creatures
  Pikel (D:4)
  2 wyverns (D:7)
  Duvessa (D:4)
  2 ice beasts
  2 black bears
  3 ogres
  A centaur (D:7)
  A lemure (D:4)
  2 kobold brigands (D:6)
  A bullfrog (D:7)
  2 necrophages
  4 scorpions
  A gnoll sergeant (D:7)
  A jelly (D:5)
  Dowan (D:4)
  5 killer bees (D:7)
  A howler monkey (D:7)
  A hound (D:5)
  2 orc priests (D:5)
  An iguana (D:5)
  A gnoll bouda (D:5)
  4 orc wizards
  Robin (D:2)
  12 gnolls
  7 adders
  A white imp (D:6)
  2 ufetubi
  2 worms (D:2)
  6 dart slugs
  28 orcs
  9 ball pythons
  4 bats
  5 endoplasms
  3 giant cockroaches
  18 goblins
  13 hobgoblins
  18 kobolds
  8 quokkas
  5 frilled lizards
  9 rats
191 creatures vanquished.

Vanquished Creatures (others)
  22 foxfires (D:4)
  2 plants (D:3)
24 creatures vanquished.

Grand Total: 215 creatures vanquished

Notes
Turn   | Place    | Note
-------+----------+-------------------------------------------
     0 | D:1      | browni3141 the Mummy Cinder Acolyte began the quest for the
                  | Orb.
     0 | D:1      | Reached XP level 1. HP: 18/18 MP: 2/2
    35 | D:1      | Reached skill level 1 in Stealth
   110 | D:1      | Reached XP level 2. HP: 24/24 MP: 4/4
   299 | D:1      | Gained mutation: You are in touch with the powers of death.
                  | [Mummy growth]
   299 | D:1      | Reached XP level 3. HP: 18/29 MP: 5/5
   592 | D:2      | Noticed Robin
   759 | D:2      | Found a blossoming altar of Fedhas.
   861 | D:2      | Learned a level 2 spell: Scorch
   901 | D:2      | Killed Robin
   907 | D:2      | Reached XP level 4. HP: 13/35 MP: 2/6
  1974 | D:3      | Reached XP level 5. HP: 11/41 MP: 0/7
  2500 | D:3      | Found a faded altar of an unknown god.
  2761 | D:3      | Found an iron altar of Okawaru.
  3006 | D:4      | Noticed a black bear
  3012 | D:4      | Learned a level 3 spell: Ozocubu's Armour
  3022 | D:4      | Killed a black bear
  3023 | D:4      | Reached skill level 5 in Stealth
  3023 | D:4      | Reached skill level 1 in Ice Magic
  3023 | D:4      | Reached XP level 6. HP: 44/47 MP: 3/8
  3259 | D:4      | Reached skill level 2 in Ice Magic
  3481 | D:4      | Found a staircase to the Ecumenical Temple.
  3573 | D:4      | Noticed Dowan
  3687 | D:4      | Noticed Pikel
  3888 | D:4      | Killed Pikel
  3889 | D:4      | Reached skill level 5 in Ice Magic
  3889 | D:4      | Reached XP level 7. HP: 52/52 MP: 9/9
  4168 | D:5      | Entered Level 5 of the Dungeon
  4648 | D:5      | Learned a level 5 spell: Metabolic Englaciation
  4754 | D:5      | Reached XP level 8. HP: 58/58 MP: 11/11
  4944 | D:5      | Reached skill level 6 in Ice Magic
  6506 | D:6      | Reached skill level 5 in Spellcasting
  6517 | D:6      | Reached skill level 7 in Ice Magic
  6761 | D:6      | Noticed Blork the orc
  7319 | D:4      | Noticed Duvessa
  7494 | D:4      | Killed Duvessa
  7495 | D:4      | Killed Dowan
  8242 | D:6      | Reached XP level 9. HP: 48/63 MP: 16/16
  8611 | D:7      | Reached skill level 1 in Hexes
  9161 | D:7      | Reached skill level 1 in Shields
  9161 | D:7      | Reached skill level 8 in Ice Magic
  9306 | D:7      | Noticed Maggie
  9344 | D:7      | Slain by Maggie

Illustrated notes

Levels and vault maps discovered:
D:1:      minmay_arrival_cross, layout_rooms
D:2:      layout_basic, basic_altar, uniq_robin
D:3:      minmay_spotlight, layout_basic, okawaru_altar_gauntlet_db,
          serial_forest, infiniplex_forest_straight_3, infiniplex_forest_end_1,
          infiniplex_forest_clump_small, infiniplex_forest_zigzag_1,
          infiniplex_forest_lined_2, infiniplex_forest_side_room,
          infiniplex_forest_clump_curved, shapermc_ecumenical_altar_mp_vishouse
D:4:      layout_cave_pods, temple_doors_e, nicolae_elevator_lobby_asterisk,
          uniq_pikel, uniq_duvessa
D:5:      layout_basic, kennysheep_generic_room_3
D:6:      nicolae_whirlpool, layout_gridville, grunt_temple_overflow_open,
          uniq_blork_the_orc
D:7:      layout_basic, hangedman_decor_riveting, uniq_maggie

Skill      XL: |  1  2  3  4  5  6  7  8  9 |
---------------+----------------------------+-----
Stealth        | 1 2 3 4 5 |  5.0
Ice Magic      | 1 5 7 8 |  8.0
Spellcasting   | 2 5 |  5.0
Hexes          | 3 |  3.0
Polearms       | 4 |  4.1
Shields        | 2 |  2.6
Fighting       | |  3.0
Fire Magic     | |  2.4

Action                     |  1- 3 |  4- 6 |  7- 9 || total
---------------------------+-------+-------+-------++-------
  Melee: Spear             |   105 |   246 |   152 ||   503
         Punch             |     1 |     1 |     7 ||     9
         Trident           |       |       |   324 ||   324
  Throw: Javelin           |       |    17 |       ||    17
         Boomerang         |       |     5 |       ||     5
   Cast: Scorch            |     2 |    10 |    89 ||   101
         Ozocubu's Armour  |       |       |    29 ||    29
 Invoke: Fiery Armour      |     1 |     1 |     4 ||     6
         Foxfire Swarm     |       |     1 |       ||     1
    Use: Scroll            |       |     8 |     6 ||    14
   Stab: Sleeping          |     2 |     5 |     5 ||    12
         Distracted        |       |       |     1 ||     1
 Armour: Robe              |    18 |       |   294 ||   312
         Leather armour    |     8 |    66 |    12 ||    86
  Dodge: Dodged            |    68 |   129 |   366 ||   563
  Block: Buckler           |       |       |    13 ||    13

Table legend: (Time is in decaauts)
 A = Elapsed time spent in this place.
 B = Non-inter-level travel time spent in this place.
 C = Inter-level travel time spent in this place.
 D = Time resting spent in this place.
 E = Time spent auto-exploring this place.
 F = Levels seen in this place.
 G = Mean time per level.
                   A        B        C        D        E       F      G
               +--------+--------+--------+--------+--------+-----+--------+
         Total |   9416 |   8846 |    570 |   2020 |   4642 |   7 | 1345.1 |
       Dungeon |   9416 |   8846 |    570 |   2020 |   4642 |   7 | 1345.1 |
               +--------+--------+--------+--------+--------+-----+--------+

Top non-repeatable levels by time:
     D:4: 2130 daAuts
     D:5: 2068 daAuts
     D:6: 1671 daAuts
     D:3: 1306 daAuts
     D:2: 945 daAuts
     D:1: 739 daAuts
     D:7: 554 daAuts
